AoeStats
← 1323nel

Scandinavia

510949009Analyzed
1v1 RM · 16h ago on Oct 3, 2026· 18m 31s· 2 players
Game mode
Random Map
Map size
Tiny (2 player)
Population
200
Speed
Normal
Resources
Standard
Victory
Conquest
Starting age
Dark Age
Ending age
Imperial Age
RankedLock teamsTeams togetherTeam positionsShared explorationLock speedFull tech treeHidden civsTurbo modeCheats
Victory
Defeat
🇿🇦 Inca · South Africa
749
+15
🇪🇸 Persians · Spain
719
-36
danielbencomo.p2
1:21 Loom
11:14 Feudal Age
13:11 Arson
1323nel
14:22 Feudal Age
15:07 Double-Bit Axe
15:28 Loom
16:47 Forging
16:38 Scale Mail Armor
16:02 Champi Runner
16:27 Arson
17:53 Horse Collar
19:03 Wheelbarrow
Connection lost

Rejoining the realm…

Still unreachable

The connection could not be restored.

Session expired

The server has moved on; the page needs a fresh start.